 Dungeon Crawl Stone Soup version 0.23.2 (webtiles) character file.

Game seed: 17083790269408686143

161 Menchi the Skirmisher (level 5, -7/48 HPs)
             Began as a Minotaur Fighter on Apr 11, 2019.
             Splashed by an orc's acid (10 damage)
             ... on level 3 of the Dungeon.
             The game lasted 00:02:17 (1539 turns).

Menchi the Skirmisher (Minotaur Fighter)            Turns: 1539, Time: 00:02:18

Health: -7/48      AC:  4    Str: 21    XL:     5   Next: 19%
Magic:  13/13      EV:  8    Int:  5    God:
Gold:   68         SH:  9    Dex: 10    Spells: 4/4 levels left

rFire    . . .     SeeInvis .   a - +0 long sword
rCold    . . .     Gourm    .   c - +0 shield
rNeg     . . .     Faith    .   b - +0 scale mail
rPois    +         Spirit   .   (helmet restricted)
rElec    .         Reflect  .   q - +0 cloak {rPois}
rCorr    .         Harm     .   (no gloves)
MR       .....                  (no boots)
Stlth    ..........             (no amulet)
HPRegen  0.16/turn              p - ring of magical power
MPRegen  0.13/turn              (no ring)

@: corroded
A: retaliatory headbutt, horns 2
a: no special abilities


You were on level 3 of the Dungeon.
You were not hungry.

You visited 1 branch of the dungeon, and saw 3 of its levels.

You collected 68 gold pieces.

Inventory:

Hand Weapons
 a - a +0 long sword (weapon)
Armour
 b - a +0 scale mail (worn)
 c - a +0 shield (worn)
 q - a +0 cloak of poison resistance (worn)
Jewellery
 p - a ring of magical power (left hand)
Scrolls
 e - 3 scrolls of identify {unknown}
 g - a scroll of remove curse {unknown}
 i - 4 scrolls of blinking {unknown}
 j - a scroll of enchant weapon {unknown}
 n - a scroll of enchant armour {unknown}
Potions
 d - a potion of might
 h - a potion of curing {unknown}
 k - a potion of mutation {unknown}
 l - a potion of lignification {unknown}
 m - a potion of flight {unknown}
 o - a potion of heal wounds {unknown}
Comestibles
 f - 6 rations
 r - 3 chunks of flesh


   Skills:
 * Level 5.1 Fighting
 - Level 2.4 Long Blades
 + Level 4.5 Armour
 * Level 2.3 Dodging
 + Level 4.6 Shields


You had 4 spell levels left.
You didn't know any spells.
Your spell library was empty.

Dungeon Overview and Level Annotations

Branches:
Dungeon (3/15)

Altars:
Ashenzari
Dithmenos
Ru


Innate Abilities, Weirdness & Mutations

You reflexively headbutt those who attack you in melee.
You have a pair of horns on your head.


Message History

You are too injured to fight recklessly!
You are too injured to fight recklessly!
The bat hits you but does no damage. You block the bat's attack. x2
Found a whip.
You block the bat's attack.
You are too injured to fight recklessly!
The bat hits you but does no damage. 2 orcs come into view.
The orc shouts!
The bat hits you but does no damage.
You slash the bat!
You kill the bat!
An orc comes into view.
The orc shouts!
An orc comes into view. It is wielding a +0 mace.
The orc zaps a wand.
The bolt of acid hits you!
* * * LOW HITPOINT WARNING * * *
The acid corrodes you!
You are splashed with acid!
You die...

.#.#.. .#....
.).....#...
......... # ..#
....... .# ..#.
.....## ...
....##.#... ...
.....#.#.# .. .
.........##.#o.o.
.........@..oo...
.<.......##.#....
......#.%# .. .
......†÷.# #..
..#.(....# .## .
##.#..##### ..
#.#......##.# #
##.##.....#
##.##<.#..


You could see 4 orcs.

Vanquished Creatures
  An orc priest (D:3)
  Crazy Yiuf (D:2)
  4 adders (D:2)
  2 worms (D:2)
  A dart slug (D:1)
  3 leopard geckos
  3 giant cockroaches
  5 hobgoblins
  9 jackals
  5 kobolds
  A quokka (D:2)
  6 bats
  4 frilled lizards
  5 goblins
  8 rats
58 creatures vanquished.

Notes
Turn   | Place    | Note
-------+----------+-------------------------------------------
     0 | D:1      | Menchi the Minotaur Fighter began the quest for the Orb.
     0 | D:1      | Reached XP level 1. HP: 19/19 MP: 0/0
   212 | D:1      | Reached XP level 2. HP: 25/27 MP: 1/1
   213 | D:1      | Reached skill level 4 in Fighting
   317 | D:1      | Reached skill level 1 in Dodging
   552 | D:2      | Reached XP level 3. HP: 32/34 MP: 2/2
   660 | D:2      | Found a sacrificial altar of Ru.
   674 | D:2      | Reached XP level 4. HP: 30/41 MP: 3/3
   911 | D:2      | Found a runed translucent door.
   912 | D:2      | Noticed Crazy Yiuf
   951 | D:2      | Found a shadowy altar of Dithmenos.
  1127 | D:2      | Found a shattered altar of Ashenzari.
  1464 | D:2      | Killed Crazy Yiuf
  1464 | D:2      | Reached skill level 5 in Fighting
  1522 | D:3      | Reached XP level 5. HP: 14/48 MP: 4/4
  1539 | D:3      | Splashed by an orc's acid

Skill      XL: |  1  2  3  4 |
---------------+-------------+-----
Fighting       | 4 5 |  5.1
Dodging        | 1 2 |  2.3
Armour         | 4 |  4.5
Shields        | 4 |  4.6
Long Blades    | |  2.4

Action                   |  1- 3 |  4- 6 || total
-------------------------+-------+-------++-------
Melee: Long sword        |    93 |    49 ||   142
       Headbutt          |    13 |     8 ||    21
  Eat: Chunk             |       |     2 ||     2
Armor: Scale mail        |    46 |    30 ||    76
Dodge: Dodged            |    28 |    24 ||    52
Block: Shield            |    56 |    32 ||    88
       Rpst.: Long sword |     7 |     4 ||    11
